 Dungeon Crawl Stone Soup version 0.27.1-3-gb3d3a73c9e (webtiles) character file.

Game seed: 10471102809200214289

1092 pkoi the Slasher (level 8, -1/64 HPs)
             Began as a Minotaur Fighter on Oct 14, 2021.
             Was a Believer of Elyvilon.
             Slain by Edmund (4 damage)
             ... on level 6 of the Dungeon.
             The game lasted 00:04:59 (4918 turns).

pkoi the Slasher (Minotaur Fighter)                 Turns: 4918, Time: 00:05:00

Health: -1/64      AC:  8    Str: 22    XL:     8   Next: 9%
Magic:  10/10      EV:  8    Int:  5    God:    Elyvilon [**....]
Gold:   231        SH: 11    Dex: 11    Spells: 7/7 levels left

rFire    . . .     SeeInvis .   a - +0 long sword
rCold    . . .     Faith    .   c - +0 kite shield
rNeg     + . .     Spirit   .   b - +0 scale mail
rPois    .         Reflect  .   (helmet restricted)
rElec    .         Harm     .   (no cloak)
rCorr    +         Rampage  .   q - +0 pair of gloves
Will     .....                  (no boots)
Stlth    ..........             (no amulet)
HPRegen  0.20/turn              i - ring of resist corrosion
MPRegen  0.12/turn              t - ring of positive energy

@: no status effects
A: horns 2, retaliatory headbutt
a: Renounce Religion, Lesser Healing, Heal Other, Divine Protection


You were on level 6 of the Dungeon.
You worshipped Elyvilon.
Elyvilon was pleased with you.
You visited 1 branch of the dungeon, and saw 6 of its levels.

You collected 231 gold pieces.

Inventory:

Hand Weapons
 a - a +0 long sword (weapon)
Missiles
 r - 33 poisoned darts (quivered)
Armour
 b - a +0 scale mail (worn)
 c - a +0 kite shield (worn)
 q - a +0 pair of gloves (worn)
Jewellery
 i - a ring of resist corrosion (left hand)
 t - a ring of positive energy (right hand)
Wands
 k - a wand of digging (4)
Scrolls
 e - a scroll of identify
 j - a scroll of noise {unknown}
 l - 3 scrolls of vulnerability
 m - a scroll of blinking
Potions
 d - a potion of might
 g - 2 potions of berserk rage
 h - 2 potions of invisibility
 n - a potion of cancellation
 o - 2 potions of mutation
 s - a potion of ambrosia


   Skills:
 - Level 3.6 Fighting
 + Level 7.6 Long Blades
 - Level 3.6 Armour
 + Level 7.5 Shields
 + Level 4.7 Invocations


You had 7 spell levels left.
You didn't know any spells.
Your spell library contained the following spells:

 Spells                   Type           Power      Damage    Failure   Level
 Sublimation of Blood     Necr           0%         N/A       99%         2
 Petrify                  Tmut/Erth      0%         N/A       100%        4
 Irradiate                Conj/Tmut      0%         3d13      100%        5


Dungeon Overview and Level Annotations

Branches:
Dungeon (6/15)
 Temple: D:4-7

Altars:
Cheibriados
Elyvilon
Fedhas
Gozag
Kikubaaqudgha
Okawaru
Qazlal

Annotations:
D:4 3 runed translucent doors, Icepheonix32's ghost, weakling DsFi; elongatedgoose's ghost, amateur TrWr; insectpublic's ghost, amateur HOFi; seaofthunder's ghost, weakling DECj
D:6 Edmund


Innate Abilities, Weirdness & Mutations

You have a pair of horns on your head.
You reflexively headbutt those who attack you in melee.


Message History

You closely miss Edmund. Your headbutt misses Edmund.
Edmund is heavily wounded.
You slash Edmund!
Edmund is severely wounded.
Edmund barely misses you.
You closely miss Edmund. You headbutt Edmund.
Edmund is severely wounded.
Edmund hits you with a +3 vorpal flail.
You hit Edmund but do no damage. Your headbutt misses Edmund.
Edmund is severely wounded.
Edmund hits you with a +3 vorpal flail!
* * * LOW HITPOINT WARNING * * *
You hit Edmund. You headbutt Edmund, but do no damage.
Edmund is almost dead.
Edmund hits you with a +3 vorpal flail.
* * * LOW HITPOINT WARNING * * *
x2 You barely miss Edmund.
You headbutt Edmund, but do no damage.
Edmund is almost dead.
Edmund hits you with a +3 vorpal flail!
* * * LOW HITPOINT WARNING * * *
x2 You closely miss Edmund.
Edmund is almost dead.
You block Edmund's attack. Edmund completely misses you.
You furiously retaliate!
You headbutt Edmund. You barely miss Edmund.
Edmund is almost dead.
Edmund hits you with a +3 vorpal flail.
* * * LOW HITPOINT WARNING * * *
x2 You hit Edmund but do no damage.
Edmund is almost dead.
You block Edmund's attack.
Unknown command.
You barely miss Edmund.
Edmund is almost dead.
Edmund hits you with a +3 vorpal flail!
* * * LOW HITPOINT WARNING * * *
x2 You barely miss Edmund.
You headbutt Edmund.
Edmund is almost dead.
Edmund hits you with a +3 vorpal flail.
You die...

.#...#.........#
.#...#.........#....#
.#...#.........#....#
.#...#.........#....+
.#...#.........#....#
##...#.........#....#
.....#.........#....##
.....#.........#.@..[#
.....#<........#@....#
.....#.........'.....#
.....#.........#.....+
######.........#....##
.........#....#
........#......
........#.......
........#.......
........#.......


You could see Edmund.

Vanquished Creatures
  Duvessa (D:6)
  A sky beast (D:5)
  2 ogres (D:4)
  A centaur (D:5)
  Dowan (D:6)
  A centaur zombie (D:5)
  A hound (D:5)
  3 orc priests
  Crazy Yiuf (D:3)
  2 bullfrog skeletons (D:6)
  A centaur skeleton (D:5)
  Terence (D:3)
  3 iguanas
  2 orc wizards
  2 hound skeletons
  3 gnolls (D:3)
  4 adders
  An adder skeleton (D:4)
  2 worms
  3 dart slugs
  6 orcs
  11 ball pythons
  6 bats
  14 endoplasms
  4 giant cockroaches
  6 goblins
  10 hobgoblins
  3 jackals (D:2)
  5 kobolds
  5 quokkas
  4 frilled lizards
  5 rats
115 creatures vanquished.

Vanquished Creatures (others)
  2 plants (D:1)
  5 withered plants (D:1)
7 creatures vanquished.

Grand Total: 122 creatures vanquished

Notes
Turn   | Place    | Note
-------+----------+-------------------------------------------
     0 | D:1      | pkoi the Minotaur Fighter began the quest for the Orb.
     0 | D:1      | Reached XP level 1. HP: 19/19 MP: 0/0
   117 | D:1      | Reached XP level 2. HP: 26/26 MP: 1/1
   451 | D:1      | Found a faded altar of an unknown god.
   789 | D:1      | Reached XP level 3. HP: 31/31 MP: 2/2
  1536 | D:2      | Reached XP level 4. HP: 39/39 MP: 3/3
  2032 | D:3      | Found a white marble altar of Elyvilon.
  2050 | D:3      | Found a snail-covered altar of Cheibriados.
  2065 | D:3      | Became a worshipper of Elyvilon the Healer
  2337 | D:3      | Reached skill level 5 in Long Blades
  2339 | D:3      | Reached skill level 5 in Shields
  2339 | D:3      | Reached skill level 1 in Invocations
  2339 | D:3      | Reached XP level 5. HP: 43/45 MP: 4/4
  2421 | D:3      | Noticed Terence
  2428 | D:3      | Killed Terence
  2628 | D:3      | Found a runed translucent door.
  2629 | D:3      | Noticed Crazy Yiuf
  2647 | D:3      | Reached * piety under Elyvilon
  2733 | D:3      | Found an ancient bone altar of Kikubaaqudgha.
  2830 | D:3      | Killed Crazy Yiuf
  3005 | D:4      | Noticed an ogre
  3110 | D:4      | Found an iron altar of Okawaru.
  3136 | D:4      | Noticed an ogre
  3142 | D:4      | Killed an ogre
  3143 | D:4      | Reached XP level 6. HP: 5/51 MP: 6/6
  3144 | D:4      | HP: 2/51 [goblin (4)]
  3504 | D:4      | Found an opulent altar of Gozag.
  3843 | D:4      | Found a runed translucent gate.
  3843 | D:4      | Found a runed translucent gate.
  3843 | D:4      | Found a runed translucent gate.
  3844 | D:4      | Noticed elongatedgoose's ghost (amateur TrWr)
  3844 | D:4      | Noticed insectpublic's ghost (amateur HOFi)
  3844 | D:4      | Noticed Icepheonix32's ghost (weakling DsFi)
  3845 | D:4      | Noticed seaofthunder's ghost (weakling DECj)
  3922 | D:5      | Entered Level 5 of the Dungeon
  3932 | D:5      | Reached XP level 7. HP: 31/57 MP: 8/8
  4474 | D:5      | Reached ** piety under Elyvilon
  4520 | D:5      | Found a stormy altar of Qazlal.
  4550 | D:5      | You fall into a shaft and drop 1 floor!
  4560 | D:6      | Found a blossoming altar of Fedhas.
  4609 | D:6      | Noticed Dowan
  4609 | D:6      | Noticed Duvessa
  4632 | D:6      | Killed Duvessa
  4633 | D:6      | Reached XP level 8. HP: 29/64 MP: 10/10
  4639 | D:6      | Killed Dowan
  4897 | D:6      | Noticed Edmund
  4917 | D:6      | HP: 3/64 [Edmund (2)]
  4918 | D:6      | Slain by Edmund

Illustrated notes

Levels and vault maps discovered:
D:1:      dpeg_arrival_rooms_with_view, layout_basic,
          shapermc_ecumenical_altar_flowoftime
D:2:      layout_basic
D:3:      layout_basic, overflow_temple_1_default, cheibriados_altar_1,
          mainiacjoe_overflow_alcove_1, minmay_checkerbox, uniq_terence,
          uniq_crazy_yiuf_cottage
D:4:      layout_rooms, mainiacjoe_overflow_concentric_impassable,
          kennysheep_mini_moat, gammafunk_ghost_cemetery,
          minmay_misc_feat_plants
D:5:      layout_rooms, general_overflow_altar, makhleb_blood_cavern_becter
D:6:      layout_gridville, fedhas_altar_3, mainiacjoe_overflow_six_doors_small,
          nicolae_wu_jian_wuxing_cycle, lemuel_round_altar, uniq_edmund,
          uniq_duvessa

Skill      XL: |  1  2  3  4  5  6  7 |
---------------+----------------------+-----
Long Blades    | 3 4 5 6 7 |  7.6
Shields        | 4 5 6 7 |  7.5
Invocations    | 1 2 3 4 |  4.7
Fighting       | |  3.6
Armour         | |  3.6

Action                   |  1- 3 |  4- 6 |  7- 9 || total
-------------------------+-------+-------+-------++-------
Melee: Long sword        |   114 |   125 |    98 ||   337
       Headbutt          |    30 |    32 |    33 ||    95
Throw: Dart              |       |     2 |       ||     2
  Use: Scroll            |       |     3 |     9 ||    12
       Potion            |       |       |     1 ||     1
Armor: Scale mail        |    46 |    46 |    44 ||   136
Dodge: Dodged            |    27 |    40 |    38 ||   105
Block: Kite shield       |    54 |    87 |    70 ||   211
       Rpst.: Long sword |     7 |    11 |    15 ||    33
